 Dungeon Crawl Stone Soup version 0.17-a0-1184-gb75be8f (webtiles) character file.

60 Hanyuu the Insei (level 4, 0/28 HPs)
             Began as an Octopode Transmuter on June 1, 2015.
             Slain by a rat (3 damage)
             ... on level 2 of the Dungeon.
             The game lasted 00:02:34 (1446 turns).

Hanyuu the Insei (Octopode Transmuter)              Turns: 1446, Time: 00:02:34

Health: 0/28       AC:  2    Str:  9    XL:     4   Next: 6%
Magic:  1/7        EV: 19    Int: 16    God:
Gold:   26         SH:  0    Dex: 17    Spells: 3 memorised, 1 level left

rFire  . . .     SeeInvis .       - Unarmed
rCold  . . .     Clarity  .     (shield currently unavailable)
rNeg   + . .     SustAt   .     (helmet currently unavailable)
rPois  x         Gourm    .     j - amulet of warding
rElec  .         Spirit   .     (no ring)
rCorr  .         Warding  +     (no ring)
rMut   .         Stasis   .     (no ring)
MR     .....                    (no ring)
Stlth  ++........               (no ring)
                                (no ring)
                                (no ring)
                                (no ring)

@: spider-form (expiring), not resistant to hostile enchantments, unstealthy
A: almost no armour, amphibious, 8 rings, (constrict 8), (camouflage 0),
(gelatinous body 0)
a: End Transformation


You were on level 2 of the Dungeon.
You were not hungry.
You were a venomous arachnid creature.
You visited 1 branch of the dungeon, and saw 2 of its levels.

You collected 26 gold pieces.

Inventory:

Missiles
 a - 12 arrows
 k - 7 needles of confusion
Jewellery
 f - an uncursed amulet of resist corrosion
 j - an amulet of warding (around neck)
Scrolls
 e - 2 scrolls of remove curse {unknown}
 g - a scroll of recharging {unknown}
Potions
 i - a potion of flight {unknown}
Books
 b - a book of Changes

   Spells                             Type                      Level
   a - Beastly Appendage              Transmutation                1
   b - Sticks to Snakes               Transmutation                2
   c - Spider Form                    Transmutation/Poison         3
   d - Ice Form                       Ice/Transmutation            4
   e - Blade Hands                    Transmutation                5
Comestibles
 c - 2 bread rations
 d - a meat ration
 h - 2 chunks of flesh


   Skills:
 * Level 1.6 Fighting
 - Level 2.0 Dodging
 * Level 4.3 Unarmed Combat
 - Level 2.0 Spellcasting
 - Level 2.0 Transmutations
 + Level 1.3 Poison Magic


You had one spell level left.
You knew the following spells:

 Your Spells              Type           Power        Failure   Level  Hunger
a - Beastly Appendage     Trmt           #.....       24%         1    #......
b - Sticks to Snakes      Trmt           #.........   32%         2    ###....
c - Spider Form           Trmt/Pois      #.........   56%         3    ###....


Dungeon Overview and Level Annotations

Branches:
Dungeon (2/15)

Altars:


Innate Abilities, Weirdness & Mutations

You cannot wear most types of armour.
You are amphibious.
You can wear up to eight rings at the same time.
((You can use your tentacles to constrict eight enemies at once.))
((Your skin changes colour to match your surroundings (Stealth).))
((Your rubbery body absorbs attacks (AC +1).))


Message History

You hit the kobold but do no damage. The kobold closely misses you.
Ijyb hits you with a dagger. The rat barely misses you.
You hit the kobold.
You kill the kobold!
Ijyb closely misses you.
You hit Ijyb.
Ijyb is severely wounded.
The rat bites you.
* * * LOW HITPOINT WARNING * * *
You closely miss Ijyb.
Ijyb is severely wounded.
Ijyb completely misses you. The rat bites you.
* * * LOW HITPOINT WARNING * * *
You hit Ijyb.
You kill Ijyb!
Your Poison Magic skill increases to level 1!
You have reached level 4!
Your transformation is almost over.
The rat bites you.
You die...

##..........
#...........
#.).....(...
###...........
#.#..(........
#.............
#.............
#######.r......#...
#....(..)s#########
#######.)#########
##..(.......
#....K.....
#...$......
#..........
.....r.....
............
..#..........


You could see a rat.

Vanquished Creatures
  Ijyb (D:2)
  3 giant geckos (D:1)
  4 bats
  A giant cockroach (D:1)
  3 goblins
  3 hobgoblins
  3 giant newts (D:1)
  4 kobolds
  11 rats (D:1)
33 creatures vanquished.

Notes
Turn   | Place    | Note
--------------------------------------------------------------
     0 | D:1      | Hanyuu the Octopode Transmuter began the quest for the Orb.
     0 | D:1      | Reached XP level 1. HP: 13/13 MP: 3/3
   480 | D:1      | Reached XP level 2. HP: 15/18 MP: 5/5
   830 | D:1      | Reached skill level 4 in Unarmed Combat
   900 | D:1      | Reached XP level 3. HP: 23/23 MP: 6/6
   904 | D:1      | Learned a level 2 spell: Sticks to Snakes
   908 | D:1      | Learned a level 3 spell: Spider Form
  1424 | D:2      | Noticed Ijyb
  1446 | D:2      | Killed Ijyb
  1446 | D:2      | Reached skill level 1 in Poison Magic
  1446 | D:2      | Reached XP level 4. HP: 3/28 MP: 1/7
  1446 | D:2      | Slain by a rat

Vault maps used:
D:1:      matt_arrival_refuge, grunt_decor_mini_mirrors,
          hangedman_decor_opposing, roderic_lattice_a, dk_noncrumbling_4,
          minmay_misc_feat_encased
D:2:      kennysheep_the_goblin_king, serial_corexii_hall,
          corexii_hall_statues_deadend, corexii_hall_statues_s, uniq_iyjb,
          uniq_robin

Action                   |  1- 3 |  4- 6 || total
-------------------------+-------+-------++-------
Melee: Unarmed           |    72 |       ||    72
 Cast: Spider Form       |     2 |       ||     2
 Stab: Sleeping          |     6 |       ||     6
  Eat: Chunk             |     2 |       ||     2
